 Dungeon Crawl Stone Soup version 0.28-a0-1510-gd0f6b136d3 (webtiles) character file.

Game seed: 6556583168068389141

1404 Shayle the Ducker (level 9, -7/65 HPs)
             Began as a Djinni Warper on Jan 15, 2022.
             Mangled by a two-headed ogre (14 damage)
             ... on level 6 of the Dungeon.
             The game lasted 00:21:37 (8171 turns).

Shayle the Ducker (Djinni Warper)                   Turns: 8171, Time: 00:21:42

Health: -7/65      AC:  9    Str: 10    XL:     9   Next: 1%
Gold:   193        EV: 13    Int: 20    God:
                   SH:  0    Dex: 12

rFire   + + .      SeeInvis .   n - +1 dagger (drain)
rCold   x . .      Faith    .   (no shield)
rNeg    . . .      Spirit   .   a - +0 leather armour
rPois   ∞          Reflect  .   q - +1 helmet
rElec   .          Harm     .   (no cloak)
rCorr   .          Rampage  .   B - +2 pair of gloves
Will    .....                   (boots unavailable)
Stlth   +.........              (no amulet)
HPRegen 0.20/turn               (no ring)
MPRegen 0.00/turn               (no ring)

@: freezing walls, flying
A: sickness immunity, fire resistance 2, cold vulnerability 1, float, innate
caster, hp casting, extra vitality 1, mutation resistance 1, MP-powered wands
a: no special abilities


You were on level 6 of the Dungeon.
You visited 1 branch of the dungeon, and saw 6 of its levels.
You also visited: Sewer.

You collected 193 gold pieces.

Inventory:

Hand Weapons
 n - a +1 dagger of draining (weapon)
Missiles
 c - 4 boomerangs of dispersal (quivered)
 o - 17 poisoned darts
Armour
 a - a +0 leather armour (worn)
 q - a +1 helmet (worn)
 s - an orb of wrath
 B - a +2 pair of gloves (worn)
Jewellery
 l - an amulet of faith
 r - a ring of fire
Wands
 d - a wand of flame (4)
 i - a wand of polymorph (3)
Scrolls
 e - a scroll of enchant weapon
 t - a scroll of teleportation
 y - a scroll of holy word {unknown}
Potions
 b - 2 potions of attraction {unknown}
 f - a potion of invisibility
 h - a potion of ambrosia
 j - 7 potions of haste
 p - a potion of mutation
 v - 3 potions of curing
 w - 2 potions of lignification
 x - a potion of cancellation
 z - 2 potions of brilliance


   Skills:
 + Level 5.0 Fighting
 - Level 0.7 Throwing
 + Level 4.6 Armour
 + Level 5.4 Dodging
 + Level 5.0 Unarmed Combat
 + Level 4.2 Spellcasting


You couldn't memorise any spells.
You knew the following spells:

 Your Spells              Type           Power      Damage    Failure   Level
a - Blink                 Tloc           42%        N/A       4%          2
b - Lesser Beckoning      Tloc           21%        N/A       9%          3
c - Gell's Gravitas       Tloc           21%        N/A       9%          3
d - Teleport Other        Tloc           21%        N/A       9%          3
e - Manifold Assault      Tloc           21%        N/A       61%         5
f - Foxfire               Conj/Fire      84%        2x1d8     2%          1
g - Corpse Rot            Necr/Air       42%        N/A       4%          2
h - Tukima's Dance        Hex            21%        N/A       9%          3
i - Frozen Ramparts       Ice            42%        1d6       9%          3
Your spell library was empty.

Dungeon Overview and Level Annotations

Branches:
Dungeon (6/15)              Sewer (visited)
 Temple: D:4-7

Altars:
Cheibriados
Gozag
Zin

Annotations:
D:3 3 runed translucent doors, AigisTheKnight's ghost, weakling VSWr


Innate Abilities, Weirdness & Mutations

You are immune to sickness and miasma.
You are immune to poison.
Your flesh is very heat resistant. (rF++)
You are vulnerable to cold. (rC-)
You float through the air rather than walking.
You learn spells naturally, not from books.
Your magical power is your life essence.
You have superior vitality. (+4 MHP)
You are somewhat resistant to further mutation.
You expend health (3 HP) to strengthen your wands.


Message History

Press: ? - help, Dir - look around, f - activate The walls around you are covered in ice.
Casting: Frozen Ramparts (dangerous; 9% risk of failure)
Confirm with . or Enter, or press ? or * to list all spells.
Okay, then.
Aiming: Throw Flame
Press: ? - help, Shift-Dir - straight line, f - two-headed ogre
Aim: a two-headed ogre, wielding a +0 giant club (86% to hit)
You feel a surge of power!
The puff of flame hits the two-headed ogre!
The two-headed ogre is lightly wounded.
The wall freezes the two-headed ogre.
The two-headed ogre hits you with a +0 giant club!!
* * * LOW HITPOINT WARNING * * *
The two-headed ogre completely misses you.
Aiming: Throw Flame
Press: ? - help, Shift-Dir - straight line, f/p - two-headed ogre
Aim: a two-headed ogre, wielding a +0 giant club (moderately wounded, 86% to hit)
You feel a surge of power!
The puff of flame hits the two-headed ogre.
The two-headed ogre is moderately wounded.
* * * LOW HITPOINT WARNING * * *
The wall freezes the two-headed ogre.
The two-headed ogre hits you but does no damage.
The two-headed ogre hits you with a +0 giant club.
* * * LOW HITPOINT WARNING * * *
You feel much better.
The wall freezes the two-headed ogre.
The two-headed ogre hits you with a +0 giant club!!
* * * LOW HITPOINT WARNING * * *
The two-headed ogre barely misses you.
You barely miss the two-headed ogre.
The two-headed ogre is heavily wounded.
Your magical contamination has completely faded away.
You hit the two-headed ogre.
The two-headed ogre is heavily wounded.
The wall freezes the two-headed ogre.
The two-headed ogre hits you with a +0 giant club.
* * * LOW HITPOINT WARNING * * *
The two-headed ogre hits you with a +0 giant club!
You die...

###.### #.# #.# #.#
#.# ##.# #.# #..#
#.# #.## #.# #.# ##
#.# #.# ..#.# #.#
#.#.# #@# #.#.###
#O# ......# ##.##
#.#.#.###...##
#.#.#.##...†.#
##.###.#...)....†.#
.........#.##.....#
##.###.#.#.###...##
#.#.#.# #####


You could see a two-headed ogre.

Vanquished Creatures
  A water moccasin (D:5)
  A sky beast (D:6)
  An ogre (D:4)
  A phantom (D:5)
  2 kobold brigands (D:3)
  A bullfrog (D:6)
  3 scorpions
  2 jellies
  5 hounds
  3 iguanas
  A gnoll shaman (D:5)
  5 gnolls
  15 adders
  2 river rats (D:4)
  3 worms
  3 dart slugs
  2 orcs
  9 ball pythons
  6 endoplasms
  5 giant cockroaches
  7 goblins
  9 hobgoblins
  4 jackals
  5 quokkas
  3 bats
  4 frilled lizards (D:1)
  24 kobolds
  7 rats
134 creatures vanquished.

Vanquished Creatures (collateral kills)
  A hound zombie (D:5)
  2 adders (D:5)
  A foxfire (D:3)
4 creatures vanquished.

Vanquished Creatures (others)
  A dancing weapon (D:6)
  387 foxfires
  2 fungi (D:3)
  2 plants (D:3)
392 creatures vanquished.

Grand Total: 530 creatures vanquished

Notes
Turn   | Place    | Note
-------+----------+-------------------------------------------
     0 | D:1      | Shayle the Djinni Warper began the quest for the Orb.
     0 | D:1      | Reached XP level 1. HP: 18/18 MP: 0/0
   231 | D:1      | Reached XP level 2. HP: 20/23 MP: 0/0
   454 | D:1      | Reached XP level 3. HP: 24/28 MP: 0/0
   454 | D:1      | Learned a level 1 spell: Foxfire
   521 | D:1      | Found a faded altar of an unknown god.
  1560 | D:2      | Reached XP level 4. HP: 33/34 MP: 0/0
  2549 | D:3      | Reached XP level 5. HP: 35/39 MP: 0/0
  2549 | D:3      | Learned a level 2 spell: Corpse Rot
  2590 | D:3      | Noticed a kobold brigand
  2606 | D:3      | Killed a kobold brigand
  2669 | D:3      | Noticed a kobold brigand
  2708 | D:3      | HP: 2/40 [kobold brigand (6)]
  2711 | D:3      | Gained mutation: You expend health (3 HP) to strengthen
                  | your wands. [potion of mutation]
  2711 | D:3      | Gained mutation: You are somewhat resistant to further
                  | mutation. [potion of mutation]
  2720 | D:3      | Killed a kobold brigand
  2721 | D:3      | Reached XP level 6. HP: 18/46 MP: 0/0
  3376 | D:3      | Found a runed translucent gate.
  3377 | D:3      | Found a runed translucent gate.
  3377 | D:3      | Noticed AigisTheKnight's ghost (weakling VSWr)
  3378 | D:3      | Found a runed translucent gate.
  4310 | D:4      | Reached XP level 7. HP: 30/50 MP: 0/0
  4310 | D:4      | Learned a level 3 spell: Tukima's Dance
  4496 | D:4      | Found a glowing drain.
  4555 | Sewer    | Entered a sewer
  5184 | D:5      | Entered Level 5 of the Dungeon
  6126 | D:4      | Reached XP level 8. HP: 42/58 MP: 0/0
  6955 | D:5      | Found an opulent altar of Gozag.
  6963 | D:5      | Found a glowing silver altar of Zin.
  7072 | D:5      | Reached skill level 5 in Dodging
  7450 | D:5      | Found a snail-covered altar of Cheibriados.
  7744 | D:6      | Noticed a two-headed ogre
  7983 | D:6      | Reached skill level 5 in Fighting
  7983 | D:6      | Reached skill level 5 in Unarmed Combat
  7989 | D:6      | Reached XP level 9. HP: 32/65 MP: 0/0
  7989 | D:6      | Learned a level 3 spell: Frozen Ramparts
  8171 | D:6      | Mangled by a two-headed ogre

Illustrated notes

Levels and vault maps discovered:
D:1:      amcnicky_arrival_double_pillar, layout_basic,
          ebering_ecumenical_altar_ruins
D:2:      layout_basic, supply_closet_lemuel
D:3:      cheibrodos_thug_alley, layout_basic, gammafunk_ghost_nasty_kobolds,
          palyth_stone_intersect, st_stairs_8, minmay_starry_boxes
D:4:      layout_loops_ring, portal_sewer_entry_a
D:5:      layout_cave_pools, mainiacjoe_overflow_brackets,
          mainiacjoe_overflow_big_doors
D:6:      layout_loops_ring, uniq_duvessa, uniq_menkaure, uniq_grinder,
          uniq_sigmund, uniq_crazy_yiuf_cottage

Skill      XL: |  1  2  3  4  5  6  7  8 |
---------------+-------------------------+-----
Armour         | 2 3 4 |  4.6
Dodging        | 3 4 5 |  5.4
Fighting       | 3 4 5 |  5.0
Spellcasting   | 3 4 |  4.2
Unarmed Combat | 3 4 5 |  5.0
Throwing       | |  0.7

Action                   |  1- 3 |  4- 6 |  7- 9 || total
-------------------------+-------+-------+-------++-------
Melee: Unarmed           |    34 |     1 |       ||    35
       Punch             |     1 |     2 |     3 ||     6
       Dagger            |       |    92 |    86 ||   178
Throw: Boomerang         |       |       |     1 ||     1
 Cast: Foxfire           |    34 |    78 |   116 ||   228
       Corpse Rot        |       |     1 |       ||     1
       Tukima's Dance    |       |       |     6 ||     6
       Blink             |       |       |     1 ||     1
       Frozen Ramparts   |       |       |     1 ||     1
Evoke: Wand              |       |       |     2 ||     2
  Use: Potion            |       |     6 |     1 ||     7
       Scroll            |       |       |    12 ||    12
 Stab: Invisible         |       |     1 |       ||     1
       Sleeping          |       |       |     1 ||     1
Armor: Leather armour    |     6 |    30 |    36 ||    72
       Skin              |       |     5 |       ||     5
Dodge: Dodged            |    28 |    87 |    86 ||   201

Table legend: (Time is in decaauts)
 A = Elapsed time spent in this place.
 B = Non-inter-level travel time spent in this place.
 C = Inter-level travel time spent in this place.
 D = Time resting spent in this place.
 E = Time spent auto-exploring this place.
 F = Levels seen in this place.
 G = Mean time per level.
                   A        B        C        D        E       F      G
               +--------+--------+--------+--------+--------+-----+--------+
         Total |   8164 |   7824 |    340 |   1674 |   4534 |   7 | 1166.3 |
       Dungeon |   7606 |   7266 |    340 |   1592 |   4278 |   6 | 1267.7 |
         Sewer |    557 |    557 |      0 |     82 |    256 |   1 |  557.0 |
               +--------+--------+--------+--------+--------+-----+--------+

Top non-repeatable levels by time:
     D:3: 2436 daAuts
     D:4: 1410 daAuts
     D:1: 1360 daAuts
     D:5: 1061 daAuts
     D:2: 938 daAuts
   Sewer: 557 daAuts
     D:6: 399 daAuts
